 Dungeon Crawl Stone Soup version 0.27-a0-40-g5f2be0e231 (webtiles) character file.

Game seed: 2454377167467904412

81 jestyr24 the Stinger (level 4, -2/32 HPs)
             Began as a Merfolk Venom Mage on Jan 6, 2021.
             Slain by an orc
             ... wielding a +0 trident
              (8 damage)
             ... on level 3 of the Dungeon.
             The game lasted 00:14:29 (2667 turns).

jestyr24 the Stinger (Merfolk Venom Mage)           Turns: 2667, Time: 00:14:30

Health: -2/32      AC:  2    Str:  8    XL:     4   Next: 40%
Magic:  7/7        EV: 14    Int: 15    God:
Gold:   184        SH:  0    Dex: 14    Spells: 6/7 levels left

rFire    . . .     SeeInvis .   k - +0 spear
rCold    . . .     Faith    .   (no shield)
rNeg     . . .     Spirit   .   a - +0 robe
rPois    .         Reflect  .   (no helmet)
rElec    .         Harm     .   (no cloak)
rCorr    .         Rampage  .   (no gloves)
Will     .....                  (no boots)
Stlth    ++........             (no amulet)
HPRegen  0.10/turn              (no ring)
MPRegen  0.10/turn              (no ring)

@: no status effects
A: change form in water, swift swim, stealthy swim
a: no special abilities


You were on level 3 of the Dungeon.
You visited 1 branch of the dungeon, and saw 3 of its levels.

You collected 184 gold pieces.

Inventory:

Hand Weapons
 k - a +0 spear (weapon)
 l - a +0 spear
Missiles
 b - 45 poisoned darts
Armour
 a - a +0 robe (worn)
Scrolls
 c - a scroll of immolation {unknown}
 d - 7 scrolls of identify {unknown}
 e - 2 scrolls of teleportation {unknown}
 h - 5 scrolls of remove curse {unknown}
 j - a scroll of blinking {unknown}
 n - a scroll of magic mapping {unknown}
 p - a scroll of enchant armour {unknown}
 q - a scroll of fear {unknown}
Potions
 f - a potion of mutation {unknown}
 g - 2 potions of haste {unknown}
 i - a potion of lignification {unknown}
 m - a potion of attraction {unknown}
 o - 2 potions of brilliance {unknown}


   Skills:
 * Level 1.1 Fighting
 * Level 1.4 Polearms
 * Level 3.6 Dodging
 * Level 2.8 Stealth
 - Level 0.1 Unarmed Combat
 * Level 2.2 Spellcasting
 + Level 1.8 Transmutations
 * Level 4.0 Poison Magic


You had 6 spell levels left.
You knew the following spells:

 Your Spells              Type           Power        Failure   Level
a - Sting                 Tmut/Pois      40%          6%          1

Your spell library contained the following spells:

 Spells                   Type           Power        Failure   Level
 Poisonous Vapours        Pois/Air       14%          14%         2
 Ignite Poison            Fire/Tmut/Pois 7%           28%         3
 Mephitic Cloud           Conj/Pois/Air  5%           36%         3
 Olgreb's Toxic Radiance  Pois           13%          38%         4


Dungeon Overview and Level Annotations

Branches:
Dungeon (3/15)

Altars:


Message History

You hit the orc but do no damage. You hit the orc.
The orc is moderately wounded.
You closely miss the orc.
The orc is moderately wounded.
The orc hits you with a +0 hand axe!
The orc hits you from afar with a +0 trident.
You closely miss the orc.
The orc is moderately wounded.
The orc barely misses you. The orc closely misses you.
You hit the orc.
The orc is almost dead.
The orc misses you.
The orc hits you from afar with a +0 trident!
* * * LOW HITPOINT WARNING * * *
You closely miss the orc.
The orc is almost dead.
The orc barely misses you.
The orc hits you from afar with a +0 trident!
You die...

#.................#.#......
#........#....#.#.#†#..###.
#.[......#......#.#........
#........#.)#.##.....######
#####...##..#.##..........#
######.....##.#.##...>...##.#
#.......>..o..#.............#
#.......o#####.##.........#
.#.^..ooo@...(##..<...)..#
#.#.###.########.###.......##
#...........## #.# ##).....#
#.......(....# #.# ########
#.........o..# #.#
##........o(.# #.#
##..........# #..........#
#.$...##..oo.


You could see 4 orcs.

Vanquished Creatures
  4 adders
  An ooze (D:1)
  A dart slug (D:3)
  A leopard gecko (D:1)
  An orc (D:3)
  5 giant cockroaches
  6 goblins
  3 hobgoblins
  A quokka (D:2)
  A ball python (D:1)
  7 bats
  4 frilled lizards
  2 kobolds (D:3)
  A rat (D:3)
38 creatures vanquished.

Notes
Turn   | Place    | Note
-------+----------+-------------------------------------------
     0 | D:1      | jestyr24 the Merfolk Venom Mage began the quest for the
                  | Orb.
     0 | D:1      | Reached XP level 1. HP: 13/13 MP: 3/3
   503 | D:1      | Reached XP level 2. HP: 14/19 MP: 1/5
  1338 | D:2      | Reached XP level 3. HP: 21/24 MP: 1/6
  2170 | D:2      | Reached skill level 1 in Polearms
  2173 | D:2      | Reached XP level 4. HP: 27/31 MP: 3/7
  2480 | D:3      | Reached skill level 1 in Fighting
  2599 | D:3      | Reached skill level 4 in Poison Magic
  2667 | D:3      | Slain by an orc

Illustrated notes

Levels and vault maps discovered:
D:1:      heliophobic_arrival_henge, layout_loops_ring
D:2:      layout_loops_ring
D:3:      layout_basic

Skill      XL: |  1  2  3  4 |
---------------+-------------+-----
Dodging        | 3 |  3.6
Polearms       | 1 |  1.4
Fighting       | 1 |  1.1
Poison Magic   | 4 |  4.0
Stealth        | |  2.8
Unarmed Combat | |  0.1
Spellcasting   | |  2.2
Transmutations | |  1.8

Action                   |  1- 3 |  4- 6 || total
-------------------------+-------+-------++-------
Melee: Unarmed           |    34 |       ||    34
       Spear             |    31 |    62 ||    93
 Cast: Sting             |    36 |     1 ||    37
 Stab: Sleeping          |     4 |     2 ||     6
Armor: Robe              |    18 |     8 ||    26
Dodge: Dodged            |    74 |    41 ||   115

Table legend: (Time is in decaauts)
 A = Elapsed time spent in this place.
 B = Non-inter-level travel time spent in this place.
 C = Inter-level travel time spent in this place.
 D = Time resting spent in this place.
 E = Time spent auto-exploring this place.
 F = Levels seen in this place.
 G = Mean time per level.
                   A        B        C        D        E       F      G
               +--------+--------+--------+--------+--------+-----+--------+
         Total |   2672 |   2609 |     63 |   1045 |    939 |   3 |  890.7 |
       Dungeon |   2672 |   2609 |     63 |   1045 |    939 |   3 |  890.7 |
               +--------+--------+--------+--------+--------+-----+--------+

Top non-repeatable levels by time:
     D:1: 1223 daAuts
     D:2: 1189 daAuts
     D:3: 259 daAuts
